Map: Traitor's Exile

Players

PureLegacy - Winner!

  • Race: Terran Terran
  • Spawn Location: 6:00

IIIIIIIIIII - Winner!

  • Race: Terran Terran
  • Spawn Location: 5:00

Bandit

  • Race: Terran Terran
  • League: Master
  • Spawn Location: 9:00

charonms

  • Race: Terran Terran
  • Spawn Location: 12:00

VOD

Have the link to the VOD?

Description

Time

  • Played on: Nov. 24, 2018, 12:31 a.m.
  • Length: 4:34
Show
View Real Time Build Order
Export as new Build Order

PureLegacy Terran - Winner!

Build Orders:  

Get SALT Encoding   

  12  0:01  SCV  
  13  0:13  SCV  
  14  0:19  Supply Depot  
  14  0:26  SCV  
  15  0:30  Refinery  
  15  0:41  SCV  
  16  0:46  Barracks  
  16  0:50  Barracks  
  16  0:53  SCV  
  17  1:07  Barracks  
  17  1:20  Barracks  
  17  1:24  SCV  
  18  1:37  Reaper  
  19  1:41  Orbital Command  
  19  1:50  Refinery  
  19  1:54  Reaper  
  20  2:02  Supply Depot  
  20  2:09  Reaper  
  20  2:13  Reaper  
  22  2:17  SCV  
  23  2:28  Reaper  
  25  2:30  SCV  
  25  2:31  Supply Depot  
  25  2:42  SCV  
  26  2:45  Reaper  
  27  2:54  Reaper  
  27  2:55  SCV  
  29  3:08  Reaper  
  29  3:17  Reaper  
  29  3:19  SCV  
  29  3:22  Command Center  
  29  3:31  SCV  
  30  3:45  Barracks Tech Lab, Barracks Reactor  
  29  3:49  Factory, SCV  
  29  3:51  Barracks Reactor  
  30  4:01  SCV  
  31  4:04  Marine  
  32  4:13  SCV  
Show
View Real Time Build Order
Export as new Build Order

IIIIIIIIIII Terran - Winner!

Build Orders:  

Get SALT Encoding   

  12  0:00  SCV  
  13  0:13  SCV  
  14  0:19  Supply Depot  
  14  0:25  SCV  
  15  0:29  Refinery  
  15  0:41  SCV  
  16  0:47  Barracks  
  16  0:53  SCV  
  17  1:04  Barracks  
  17  1:05  SCV  
  18  1:17  SCV  
  19  1:24  Barracks  
  19  1:34  Barracks Tech Lab  
  19  1:40  Orbital Command  
  19  1:53  Marauder  
  19  1:54  Concussive Shells  
  21  1:57  Barracks Reactor  
  21  2:04  Supply Depot  
  21  2:06  SCV  
  22  2:12  Barracks Reactor  
  22  2:25  Marauder  
  22  2:27  Supply Depot  
  24  2:31  SCV  
  24  2:34  Marine  
  24  2:35  Marine  
  27  2:45  Refinery  
  27  2:46  SCV  
  27  2:49  Marine x2  
  27  2:51  Marauder  
  32  2:52  Marine  
  32  2:54  Marine  
  34  3:01  Supply Depot  
  34  3:06  SCV  
  34  3:08  Combat Shield  
  35  3:20  Marine, Marauder  
  35  3:21  Marine  
  39  3:28  Supply Depot  
  39  3:35  Marine  
  40  3:42  Marauder  
  40  3:47  Marine x2  
  44  3:50  SCV  
  45  3:56  Supply Depot  
  45  3:58  Marine  
  46  4:03  Marauder  
Show
View Real Time Build Order
Export as new Build Order

Bandit Terran 

Build Orders: Cyclone Opening 

Get SALT Encoding   

  12  0:01  SCV  
  13  0:13  SCV  
  14  0:19  Supply Depot  
  14  0:26  Refinery  
  14  0:30  SCV  
  15  0:42  SCV  
  16  0:50  Barracks  
  16  0:54  SCV  
  17  1:00  Refinery  
  17  1:06  SCV  
  18  1:18  SCV  
  19  1:30  SCV  
  20  1:37  Barracks Tech Lab  
  20  1:38  Factory  
  20  1:43  Orbital Command  
  20  1:52  Supply Depot  
  20  1:59  Marauder  
  23  2:08  SCV  
  23  2:20  SCV  
  24  2:29  Supply Depot  
  24  2:31  Cyclone  
  24  2:32  SCV  
  24  2:35  Mag-Field Accelerator  
  28  2:39  Marine  
  29  2:44  SCV  
  30  2:57  SCV  
  31  3:03  Cyclone  
  34  3:09  SCV  
  35  3:28  Command Center  
  35  3:33  SCV  
  36  3:35  Cyclone  
  36  3:48  SCV  
  37  3:51  Engineering Bay  
  37  3:55  Barracks Reactor  
  37  4:01  Barracks  
Show
View Real Time Build Order
Export as new Build Order

charonms Terran 

Build Orders: Hellion Opening 

Get SALT Encoding   

  12  0:01  SCV  
  13  0:13  SCV  
  14  0:19  Supply Depot  
  14  0:25  SCV  
  15  0:35  Refinery  
  15  0:44  Barracks  
  15  0:47  SCV  
  16  0:55  Refinery  
  16  1:00  SCV  
  17  1:12  SCV  
  18  1:24  SCV  
  19  1:32  Factory  
  19  1:37  Barracks Reactor  
  19  1:41  Orbital Command  
  19  1:50  Supply Depot  
  19  2:06  SCV  
  20  2:25  Hellion x2  
  20  2:27  Barracks Tech Lab  
  24  2:30  Factory  
  24  2:34  SCV  
  25  2:44  Supply Depot  
  25  2:54  Hellion x2  
  26  3:21  SCV  
  27  3:27  Hellion x2  
  31  3:45  Siege Tank  
  30  3:52  Widow Mine x2  
  30  3:55  Supply Depot, SCV  
Tags
 
Add a new tag
Caveats
  • Supply blocks, unpowered buildings, or Contaminate may cause inaccurate times.
  • Supply counts are checked every 10 seconds.